 Dungeon Crawl Stone Soup version 0.29.1-12-g30fa7ad0bf (webtiles) character file.

Game seed: 8308790995499796272

70 JGreham the Trooper (level 4, -4/31 HPs)
             Began as a Gargoyle Chaos Knight on Dec 21, 2022.
             Was a Plaything of Xom.
             Killed by an exploding hound (17 damage)
             ... ignited by their inner flame
             ... on level 4 of the Dungeon.
             The game lasted 00:14:41 (2182 turns).

JGreham the Trooper (Gargoyle Chaos Knight)         Turns: 2182, Time: 00:14:42

Health: -4/31      AC: 11    Str: 17    XL:     4   Next: 21%
Magic:  4/4        EV: 11    Int: 13    God:    Xom [...*..]
Gold:   53         SH:  0    Dex:  9    Spells: 0/3 levels left

rFire   . . .      SeeInvis .   d - +2 long sword (vorpal)
rCold   . . .      Faith    .   (no shield)
rNeg    + . .      Spirit   .   b - +2 leather armour
rPois   ∞          Reflect  .   (no helmet)
rElec   +          Harm     .   (no cloak)
rCorr   .          Rampage  .   (no gloves)
Will    .....                   (no boots)
Stlth   +.........              (no amulet)
HPRegen 0.10/turn               (no ring)
MPRegen 0.09/turn               (no ring)

@: no status effects
A: sickness immunity, AC +3, negative energy resistance 1, electricity
resistance, torment resistance 1, petrification resistance, hooves 1, iridescent
scales 1, robust 1, sturdy frame 1
a: Renounce Religion


You were on level 4 of the Dungeon.
You worshipped Xom.
You were a favourite toy of Xom.
You visited 1 branch of the dungeon, and saw 5 of its levels.

You collected 53 gold pieces.

Inventory:

Hand Weapons
 a - a +0 falchion of chaos
 d - a +2 vorpal long sword (weapon)
 f - a +2 rapier of electrocution
 g - a +3 long sword
Missiles
 h - 4 boomerangs
Armour
 b - a +2 leather armour (worn)
Wands
 j - a wand of charming (10)
Potions
 e - a potion of heal wounds
Miscellaneous
 c - a piece from Xom's chessboard (1/15)


   Skills:
 + Level 3.9 Fighting
 + Level 3.5 Long Blades
 + Level 2.9 Armour
 + Level 1.0 Dodging
 + Level 0.2 Stealth
 + Level 0.3 Evocations


You couldn't memorise any spells.
You knew the following spells:

 Your Spells              Type           Power      Damage    Failure   Level
a - Ozocubu's Armour      Ice            0%         N/A       67%         3

Your spell library contained the following spells:

 Spells                   Type           Power      Damage    Failure   Level
 Shock                    Conj/Air       0%         1d3       32%         1
 Gell's Gravitas          Tloc           0%         N/A       67%         3
 Lesser Beckoning         Tloc           0%         N/A       67%         3
 Swiftness                Air            0%         N/A       67%         3
 Teleport Other           Tloc           0%         N/A       67%         3
 Airstrike                Air            0%         2d(0-16)  97%         4
 Ozocubu's Refrigeration  Ice            0%         4d7       100%        7


Dungeon Overview and Level Annotations

Branches:
Dungeon (5/15)
 Temple: D:4-7

Altars:


Innate Abilities, Weirdness & Mutations

You are immune to sickness and miasma.
Your stone body is resilient. (AC +3)
You are immune to poison.
You resist negative energy. (rN+)
You are resistant to electric shocks. (rElec)
You are resistant to unholy torment.
You are immune to petrification.
You have large cloven feet.
You are partially covered in iridescent scales. (AC +2)
You are robust. (+10% HP)
Your movements are slightly less encumbered by armour. (ER -2)


Message History

Xom gives a demonstration of destructive might.
The hound is outlined in light.
The phantom is outlined in light.
The hound bites you but does no damage. The hound bites you but does no damage.
The hound stops glowing.
The hound bites you but does no damage.
The phantom stops glowing.
The hound closely misses you. The hound attacks as you move away!
The hound bites you. x2
The hound attacks as you move away! The hound barely misses you.
You hear Xom's avuncular chuckle.
The phantom seems to slow down.
You hit the hound. Your kick misses the hound.
The hound is lightly wounded.
The hound closely misses you. The hound bites you.
You closely miss the hound.
The hound is lightly wounded.
The hound bites you. x2
You hit the hound.
The hound is moderately wounded.
The hound bites you but does no damage. x2
You closely miss the hound.
The hound is moderately wounded.
The hound bites you but does no damage. The hound barely misses you.
You closely miss the hound. Your kick misses the hound.
The hound is moderately wounded.
The hound closely misses you.
As you read the scroll of immolation, it crumbles to dust.
The creatures around you are filled with an inner flame!
The hound bites you. The hound bites you but does no damage.
You hit the hound.
Flame seeps out of the hound. x2
The hound is almost dead.
The hound is engulfed in blazing flames.
The hound explodes!
The fiery explosion engulfs the phantom!!
Flame seeps out of the phantom.
The phantom is almost destroyed.
The fiery explosion engulfs you!
Ouch! That really hurt!
You die...
Xom laughs nastily!

#......#.#.#### #
###....#...<....# #.#
...........)....#
#####.#### #...#.....#
#.........
#.#.......####.........
#.##...................
W.####W#######.........
.### #○# #......... ..
####@##### #.........
.. #........#
#......... ...
#........# #.........
#........# ##########
#........# #........#
##########


You could see a phantom (inner flame, slow).

Vanquished Creatures
  A hound (D:4)
  3 adders (D:2)
  A worm (D:2)
  A dart slug (D:2)
  3 endoplasms (D:1)
  4 giant cockroaches
  2 goblins (D:1)
  3 hobgoblins
  3 kobolds
  2 quokkas (D:1)
  2 ball pythons (D:2)
  3 bats
  3 frilled lizards
  7 rats
38 creatures vanquished.

Notes
Turn   | Place    | Note
-------+----------+-------------------------------------------
     0 | D:1      | JGreham the Gargoyle Chaos Knight began the quest for the
                  | Orb.
     0 | D:1      | Reached XP level 1. HP: 14/14 MP: 1/1
    66 | D:1      | Reached XP level 2. HP: 7/19 MP: 2/2
   314 | D:1      | XOM: divination: detect creatures
   446 | D:1      | XOM: silly message
   482 | D:1      | XOM: silly message
   588 | D:1      | XOM: summons 2 hostile demons
   737 | D:1      | XOM: summons 2 hostile demons
   738 | D:1      | Noticed a crimson imp
   747 | D:1      | HP: 1/20 [crimson imp[Xom] (2)]
  1286 | D:2      | Reached XP level 3. HP: 24/24 MP: 3/3
  1499 | D:2      | XOM: cast spell 'Alistair's Intoxication'
  1501 | D:2      | Reached skill level 1 in Dodging
  1531 | D:2      | XOM: 3-stop teleportation journey
  1733 | D:2      | XOM: god gift: Ozocubu's Autobiography
  1753 | D:2      | Reached XP level 4. HP: 29/29 MP: 4/4
  1905 | D:2      | XOM is BORED!
  1958 | D:2      | XOM: give mutations
  1958 | D:2      | Gained mutation: You have large cloven feet. [Xom's grace]
  1958 | D:2      | Gained mutation: You are robust. (+10% HP) [Xom's grace]
  1958 | D:2      | Gained mutation: Your movements are slightly less
                  | encumbered by armour. (ER -2) [Xom's grace]
  1958 | D:2      | Gained mutation: You are partially covered in iridescent
                  | scales. (AC +2) [Xom's grace]
  2018 | D:2      | Learned a level 3 spell: Ozocubu's Armour
  2064 | D:3      | You fall into a shaft and drop 2 floors!
  2064 | D:5      | Entered Level 5 of the Dungeon
  2166 | D:4      | Noticed a phantom
  2166 | D:4      | XOM: fake destruction
  2175 | D:4      | XOM: enchant monster (good)
  2182 | D:4      | Killed by an exploding hound... ignited by their inner
                  | flame

Illustrated notes

Levels and vault maps discovered:
D:1:      minmay_arrival_radiant_lines, layout_rooms
D:2:      layout_basic
D:3:      layout_loops_cross, serial_shops, shop, serial_park_tiny_pond,
          minmay_misc_feat_x, minmay_pentomino_pile, uniq_grinder, uniq_natasha
D:4:      layout_rooms, minmay_shop_enchanted_jewellery, uniq_sigmund,
          uniq_edmund, uniq_blork_the_orc
D:5:      layout_basic, kennysheep_generic_room_15

Skill      XL: |  1  2  3 |
---------------+----------+-----
Long Blades    | 3 |  3.5
Dodging        | 1 |  1.0
Fighting       | |  3.9
Armour         | |  2.9
Stealth        | |  0.2
Evocations     | |  0.3

Action                   |  1- 3 |  4- 6 || total
-------------------------+-------+-------++-------
Melee: Falchion          |    26 |       ||    26
       Long sword        |    89 |    17 ||   106
       Kick              |       |     1 ||     1
Evoke: Piece from Xom's  |    16 |       ||    16
  Use: Potion            |     2 |       ||     2
       Scroll            |     3 |     2 ||     5
Armor: Leather armour    |    68 |     9 ||    77
Dodge: Dodged            |   114 |    12 ||   126
